 Dungeon Crawl Stone Soup version 0.17-a0-2073-gde5cdba (webtiles) character file.

788 pk666 the Chopper (level 7, -4/64 HPs)
             Began as a Minotaur Berserker on Oct 14, 2015.
             Was a Priest of Trog.
             Slain by an ogre
             ... wielding a +0 giant spiked club
              (23 damage)
             ... on level 4 of the Dungeon.
             The game lasted 00:08:27 (3605 turns).

pk666 the Chopper (Minotaur Berserker)              Turns: 3605, Time: 00:08:27

Health: -4/64      AC: 11    Str: 23    XL:     7   Next: 56%
Magic:  6/6        EV:  8    Int:  7    God:    Trog [***...]
Gold:   90         SH:  0    Dex: 10    Spells: 0 memorised, 6 levels left

rFire  . . .     SeeInvis .     u - +0 war axe
rCold  . . .     Clarity  .     g - +0 chain mail
rNeg   . . .     SustAt   +     (no shield)
rPois  .         Gourm    .     (helmet restricted)
rElec  .         Spirit   .     (no cloak)
rCorr  .         Warding  .     e - +0 pair of gloves
rMut   .         Stasis   .     (no boots)
MR     .....                    (no amulet)
Stlth  ..........               w - ring of sustain attributes
                                f - +3 ring of intelligence

@: not resistant to hostile enchantments, extremely unstealthy
A: retaliatory headbutt, horns 2
a: Burn Spellbooks, Berserk, Trog's Hand, Renounce Religion


You were on level 4 of the Dungeon.
You worshipped Trog.
Trog was most pleased with you.
You were not hungry.

You visited 1 branch of the dungeon, and saw 4 of its levels.

You collected 90 gold pieces.

Inventory:

Hand Weapons
 a - a +0 hand axe
 u - a +0 war axe (weapon)
Armour
 b - a +0 animal skin
 e - a +0 pair of gloves (worn)
 g - a +0 chain mail (worn)
Jewellery
 f - a +3 ring of intelligence (left hand)
 w - a ring of sustain attributes (right hand)
Scrolls
 d - 3 scrolls of identify {unknown}
 i - 2 scrolls of remove curse {unknown}
 j - a scroll of magic mapping {unknown}
 k - a scroll of recharging {unknown}
 o - a scroll of amnesia {unknown}
 q - 4 scrolls of teleportation {unknown}
 r - a scroll of enchant armour {unknown}
Potions
 h - 3 potions of cancellation {unknown}
 l - a potion of poison {unknown}
 p - a potion of degeneration {unknown}
 s - 2 potions of berserk rage {unknown}
 t - a potion of brilliance {unknown}
Comestibles
 c - 6 bread rations
 m - a beef jerky
 n - a meat ration
 v - a chunk of flesh


   Skills:
 + Level 6.9 Fighting
 + Level 7.3 Axes
 + Level 5.4 Armour
 - Level 2.1 Dodging
 + Level 1.0 Stealth


You had 6 spell levels left.
You didn't know any spells.

Dungeon Overview and Level Annotations

Branches:
Dungeon (4/15)
 Temple: D:4-7

Altars:
Fedhas
Kikubaaqudgha
Zin


Innate Abilities, Weirdness & Mutations

You reflexively headbutt those who attack you in melee.
You have a pair of horns on your head.


Message History

The orc closely misses you. You furiously retaliate!
You headbutt the orc. You slash the orc!
You kill the orc!
Trog accepts your kill.
You barely miss the ogre.
The ogre is lightly wounded.
The ogre barely misses you. You furiously retaliate!
You headbutt the ogre. You slash the ogre!
The ogre is almost dead.
The ogre barely misses you.
Your chain mail prevents you from hitting the ogre.
Your headbutt misses the ogre.
The ogre is almost dead.
The ogre hits you with a giant spiked club!!
* * * LOW HITPOINT WARNING * * *
Your chain mail prevents you from hitting the ogre.
Your headbutt misses the ogre.
The ogre is almost dead.
The ogre hits you with a giant spiked club!!
You die...

#######................
...........####.###.#.#
######.##..........#.#
##÷#######.###.#.# #
#.................
###.#.######..........###.#.#
#>..............###...# #.#.#
......######..### #### #.#.#
#...)†...)@.# #....
#.......)O.....# #.#.#
######.######### #.... #.#
#.... #.# #.#.. #.# #.##. #.#
#.... #.. ######.#..
....#....#


You could see an ogre.

Vanquished Creatures
  The ghost of Yermak the Sneak, an amateur OpAs of Yredelemnul (D:4)
  A centaur (D:3)
  2 ogres (D:4)
  2 scorpions
  An orc priest (D:3)
  Ijyb (D:3)
  2 iguanas (D:4)
  4 orc wizards (D:3)
  An adder (D:2)
  2 oozes (D:3)
  2 worms (D:2)
  4 giant geckos
  14 orcs
  2 ball pythons
  12 bats
  5 giant cockroaches
  9 goblins
  7 hobgoblins
  4 kobolds
  A quokka (D:2)
  2 giant newts
  6 rats
85 creatures vanquished.

Vanquished Creatures (others)
  A human (D:2)
1 creature vanquished.

Grand Total: 86 creatures vanquished

Notes
Turn   | Place    | Note
--------------------------------------------------------------
     0 | D:1      | pk666 the Minotaur Berserker began the quest for the Orb.
     0 | D:1      | Reached XP level 1. HP: 19/19 MP: 0/0
   255 | D:1      | Reached skill level 4 in Axes
   311 | D:1      | Reached XP level 2. HP: 27/27 MP: 1/1
   780 | D:1      | Reached ** piety under Trog
  1166 | D:2      | Reached XP level 3. HP: 33/33 MP: 2/2
  1550 | D:2      | Found a blossoming altar of Fedhas.
  1691 | D:2      | Found an ancient bone altar of Kikubaaqudgha.
  1691 | D:2      | Noticed a human
  1695 | D:2      | Killed a human
  1707 | D:2      | Found a glowing silver altar of Zin.
  1980 | D:3      | Reached skill level 5 in Axes
  2004 | D:3      | Reached XP level 4. HP: 33/41 MP: 3/3
  2152 | D:3      | Noticed a scorpion
  2161 | D:3      | Killed a scorpion
  2161 | D:3      | Reached skill level 5 in Fighting
  2161 | D:3      | Reached XP level 5. HP: 35/48 MP: 4/4
  2280 | D:3      | Noticed Ijyb
  2287 | D:3      | Killed Ijyb
  2287 | D:3      | Reached *** piety under Trog
  2371 | D:3      | Noticed a centaur
  2380 | D:3      | Killed a centaur
  2380 | D:3      | Reached skill level 6 in Axes
  2380 | D:3      | Reached XP level 6. HP: 29/57 MP: 5/5
  3128 | D:4      | Reached skill level 1 in Stealth
  3128 | D:4      | Reached XP level 7. HP: 11/64 MP: 6/6
  3425 | D:4      | Noticed Yermak's ghost (amateur OpAs)
  3434 | D:4      | Killed Yermak's ghost
  3434 | D:4      | Reached skill level 7 in Axes
  3434 | D:4      | Reached skill level 5 in Armour
  3605 | D:4      | Slain by an ogre

Vault maps used:
D:1:      dpeg_arrival_circle_labyrinth_c
D:2:      fedhas_altar_3, old_standard_altar, first_bread,
          grunt_decor_arrowhead, tgw_kikubaaqudgha
D:3:      uniq_iyjb
D:4:      yredelemnul_forgotten_temple_becter

Action                   |  1- 3 |  4- 6 |  7- 9 || total
-------------------------+-------+-------+-------++-------
Melee: Hand axe          |    94 |    40 |       ||   134
       War axe           |       |    41 |    24 ||    65
Invok: Berserk           |       |     1 |     1 ||     2
  Eat: Chunk             |     3 |     5 |     3 ||    11
